 Dungeon Sprint DCSS version 0.30-a0-54-g2e61a25929 (webtiles) character file.

Game seed: 13960606307100644572

2990 mhtbhm the Imperceptible (level 9, -7/105 HPs)
             Began as an Octopode Brigand on Sept 8, 2022.
             Was an Elder of Dithmenos.
             Mangled by an unseen horror (9 damage)
             ... in the Dungeon (Sprint III: "The Ten Rune Challenge").
             The game lasted 00:02:01 (626 turns).

mhtbhm the Imperceptible (Octopode Brigand)          Turns: 626, Time: 00:02:01

Health: -7/105     AC:  1    Str: 11    XL:     9   Next: 83%
Magic:  9/9        EV: 13    Int: 13    God:    Dithmenos [****..]
Gold:   25         SH:  0    Dex: 17    Spells: 3/8 levels left

rFire   . . .      SeeInvis .    a - +2 dagger
rCold   . . .      Faith    .    (no shield)
rNeg    . . .      Spirit   .    (helmet restricted)
rPois   .          Reflect  .    (no amulet)
rElec   .          Harm     .    (no ring)
rCorr   .          Rampage  .    (no ring)
Will    .....      Clarity  +    (no ring)
Stlth   .......... NoTele   +    (no ring)
HPRegen 0.27/turn                (no ring)
MPRegen 0.11/turn                (no ring)
                                 (no ring)
                                 (no ring)

@: berserking (expiring), wreathed by umbra, very quick
A: almost no armour, amphibious, 8 rings, camouflage 1, gelatinous body 1,
(nimble swimmer 1), tentacles, clarity, robust 1
a: Renounce Religion, Shadow Step


You were in the Dungeon.
You worshipped Dithmenos.
Dithmenos was greatly pleased with you.
You visited 1 branch You collected 25 gold pieces.

Inventory:

Hand Weapons
 a - a +2 dagger (weapon)
Missiles
 b - 9 poisoned darts
 c - 3 curare-tipped darts (quivered)
Wands
 j - a wand of light (6)
Scrolls
 i - a scroll of blinking
 k - a scroll of poison {unknown}
 l - 2 scrolls of identify {unknown}
 m - a scroll of torment {unknown}
Potions
 d - a potion of curing
 e - 2 potions of heal wounds
 f - a potion of haste
 g - 3 potions of magic
 h - a potion of berserk rage
 n - 2 potions of flight
 o - 4 potions of mutation
 p - a potion of might
Miscellaneous
 q - a condenser vane


   Skills:
 + Level 7.1 Fighting
 + Level 9.7 Short Blades
 + Level 8.6 Throwing
 + Level 2.0 Dodging
 + Level 23.3 Stealth
 + Level 0.2 Evocations


You had 3 spell levels left.
You knew the following spells:

 Your Spells              Type           Power      Damage    Failure   Level
a - Wereblood             Tmut           0%         N/A       43%         2
b - Confusing Touch       Hex            0%         N/A       67%         3

Your spell library contained the following spells:

 Spells                   Type           Power      Damage    Failure   Level
 Beastly Appendage        Tmut           0%         N/A       30%         1
 Spider Form              Tmut/Pois      0%         N/A       67%         3
 Yara's Violent Unravell  Hex/Tmut       0%         3d3       100%        5
 Enfeeble                 Hex            0%         N/A       100%        7


Dungeon Overview and Level Annotations

Branches:
Dungeon (1/1)

Altars:
Cheibriados
Dithmenos
Elyvilon
Fedhas
Gozag
Hepliaklqana
Kikubaaqudgha
Makhleb
Nemelex Xobeh
Okawaru
Qazlal
Ru
Sif Muna
Trog
Uskayaw
Vehumet
Wu Jian
Xom
Yredelemnul
Zin
The Shining One
Jiyva
Lugonu


Innate Abilities, Weirdness & Mutations

You cannot wear most types of armour.
You are amphibious.
You can wear up to eight rings at the same time.
Your skin changes colour to match your surroundings (Stealth+).
Your rubbery body absorbs attacks. (AC +1, EV +1)
((You are camouflaged when in or above water. (Stealth+)))
You have tentacles for arms and can constrict up to eight enemies at once.
You possess an exceptional clarity of mind.
You are robust. (+10% HP)


Message History

You swing at nothing.
You swing at nothing.
You swing at nothing.
You hit something but do no damage.
You swing at nothing.
You swing at nothing.
Something hits you.
You hit something but do no damage. Something hits you!
You closely miss something. Your squeeze misses something. Something hits you!
You hit something but do no damage.
A red film seems to cover your vision as you go berserk!
You feel yourself moving faster!
You feel mighty! Something hits you.
You swing at nothing.
You feel a strong urge to attack something.
You hit something. Your squeeze misses something. Something hits you.
You hit something. Something hits you!
* * * LOW HITPOINT WARNING * * *
You miss something. Something hits you.
* * * LOW HITPOINT WARNING * * *
You puncture something!
Your tentacle-slap misses something.
You squeeze something! Dithmenos accepts your kill.
Your shadow now sometimes tangibly mimics your actions.
Reactivating autopickup.
You feel a bit more experienced.
You swing at nothing.
You swing at nothing.
You feel a strong urge to attack something.
Deactivating autopickup; reactivate with Ctrl-A.
You hit something. Something hits you!
* * * LOW HITPOINT WARNING * * *
You hit something.
Your tentacle-slap misses something.
Your squeeze misses something. Something hits you.
* * * LOW HITPOINT WARNING * * *
You barely miss something. Something hits you.
* * * LOW HITPOINT WARNING * * *
You hit something. Something hits you!
* * * LOW HITPOINT WARNING * * *
You hit something. Something barely misses you.
You puncture something! Something hits you!
You die...

### __# ._# '## .†# ..#
#'#
..#+###################
..#..~~~'.#.'...@.#.#.#
..#.#§~§#.#.#...##.#.#
..'.#§§.#.#.#)..#.#.#
..#.#§§.#...#)).##.#.#
▓▓▓▓▓▓▓▓▓▓▓▓▓▓▓▓#.# #.#
## #.# #.# ##


There were no monsters in sight!

Vanquished Creatures
  Josephine (D)
  A centaur warrior (D)
  A deep elf pyromancer (D)
  An unseen horror (D)
  A shadow (D)
  A spatial vortex (D)
  2 centaurs (D)
  An earth elemental (D)
  A necrophage (D)
  A water elemental (D)
  A scorpion (D)
  A jelly (D)
  Jessica (D)
  A wizard (D)
  A necromancer (D)
  3 humans (D)
  A kobold demonologist (D)
  2 rats (D)
22 creatures vanquished.

Notes
Turn   | Place    | Note
-------+----------+-------------------------------------------
     0 | D        | mhtbhm the Octopode Brigand began the quest for the Orb.
     0 | D        | Reached XP level 1. HP: 14/14 MP: 1/1
    12 | D        | Reached skill level 6 in Stealth
    24 | D        | Noticed Jessica
    29 | D        | Killed Jessica
    30 | D        | Reached skill level 9 in Stealth
    30 | D        | Reached XP level 2. HP: 20/20 MP: 2/2
    30 | D        | Reached XP level 3. HP: 25/25 MP: 3/3
   132 | D        | Noticed a scorpion
   295 | D        | Killed a scorpion
   296 | D        | Reached skill level 11 in Stealth
   296 | D        | Reached XP level 4. HP: 31/31 MP: 4/4
   328 | D        | Gained mutation: You are robust. (+10% HP) [potion of
                  | mutation]
   328 | D        | Gained mutation: You possess an exceptional clarity of
                  | mind. [potion of mutation]
   335 | D        | Noticed a water elemental
   338 | D        | Killed a water elemental
   339 | D        | Reached skill level 13 in Stealth
   339 | D        | Reached XP level 5. HP: 37/39 MP: 5/5
   356 | D        | Found a shadowy altar of Dithmenos.
   365 | D        | Reached skill level 14 in Stealth
   437 | D        | Found a basalt altar of Yredelemnul.
   437 | D        | Found a sacrificial altar of Ru.
   439 | D        | Reached skill level 5 in Throwing
   439 | D        | Reached XP level 6. HP: 47/47 MP: 6/6
   444 | D        | Became a worshipper of Dithmenos the Shadowed
   458 | D        | Found a radiant altar of Vehumet.
   459 | D        | Found a shimmering blue altar of Sif Muna.
   459 | D        | Found an ancient bone altar of Kikubaaqudgha.
   463 | D        | Reached skill level 15 in Stealth
   477 | D        | Learned a level 2 spell: Wereblood
   481 | D        | Learned a level 3 spell: Confusing Touch
   488 | D        | Found a glowing silver altar of Zin.
   489 | D        | Found a glowing golden altar of the Shining One.
   489 | D        | Found a white marble altar of Elyvilon.
   489 | D        | Noticed a deep elf pyromancer
   491 | D        | Killed a deep elf pyromancer
   491 | D        | Reached * piety under Dithmenos
   492 | D        | Reached skill level 5 in Fighting
   492 | D        | Reached skill level 17 in Stealth
   492 | D        | Reached XP level 7. HP: 55/55 MP: 7/7
   501 | D        | Found a hide-covered altar of Uskayaw.
   501 | D        | Found an iron altar of Okawaru.
   502 | D        | Found a bloodstained altar of Trog.
   502 | D        | Found an ornate altar of the Wu Jian Council.
   502 | D        | Noticed a human
   502 | D        | Noticed a human
   504 | D        | Killed a human
   505 | D        | Reached skill level 18 in Stealth
   505 | D        | Reached XP level 8. HP: 61/61 MP: 8/8
   522 | D        | Noticed a shadow
   524 | D        | Killed a shadow
   524 | D        | Reached ** piety under Dithmenos
   525 | D        | Reached skill level 19 in Stealth
   530 | D        | Found a blossoming altar of Fedhas.
   530 | D        | Found a stormy altar of Qazlal.
   531 | D        | Found a snail-covered altar of Cheibriados.
   531 | D        | Found a burning altar of Makhleb.
   531 | D        | Found a hazy altar of Hepliaklqana.
   531 | D        | Found a shimmering altar of Xom.
   531 | D        | Found an opulent altar of Gozag.
   531 | D        | Found a sparkling altar of Nemelex Xobeh.
   531 | D        | Found a corrupted altar of Lugonu.
   531 | D        | Found a viscous altar of Jiyva.
   553 | D        | Noticed Josephine
   556 | D        | Killed Josephine
   557 | D        | Reached skill level 21 in Stealth
   557 | D        | Reached XP level 9. HP: 69/69 MP: 9/9
   565 | D        | Reached *** piety under Dithmenos
   571 | D        | Noticed a centaur warrior
   575 | D        | Killed a centaur warrior
   576 | D        | Reached skill level 22 in Stealth
   577 | D        | Reached skill level 23 in Stealth
   618 | D        | Killed an unseen horror
   618 | D        | Reached **** piety under Dithmenos
   624 | D        | HP: 2/105 [something (8)]
   626 | D        | Mangled by an unseen horror

Illustrated notes

Levels and vault maps discovered:
D:        dungeon_sprint_mu [sprint_mu_entry_cave, sprint_mu_temple_rooms,
          sprint_mu_d1_horrors, sprint_mu_d2_genie, sprint_mu_d3_branching,
          sprint_mu_orc_legion, sprint_mu_elf_gauntlet, sprint_mu_hive_nellie,
          sprint_mu_lair_fedhas, sprint_mu_vaults_butterflies,
          sprint_mu_slime_circle, sprint_mu_swamp_cave, sprint_mu_shoals_archi,
          sprint_mu_blade_basic, sprint_mu_crypt_chambers,
          sprint_mu_tomb_spiral, sprint_mu_vestibule_basic,
          sprint_mu_gehenna_hellfire, sprint_mu_dis_giant,
          sprint_mu_tartarus_statrot, sprint_mu_cocytus_islands, sprint_mu_zot1]

Skill      XL: |  1  2  3  4  5  6  7  8  9 |
---------------+----------------------------+-----
Stealth        | 9 11 13 14 17 18 21 23 | 23.3
Throwing       | 3 4 5 6 8 |  8.6
Fighting       | 3 4 5 6 7 |  7.1
Short Blades   | 3 4 6 8 9 |  9.7
Dodging        | 2 |  2.0
Evocations     | |  0.2

Action                   |  1- 3 |  4- 6 |  7- 9 || total
-------------------------+-------+-------+-------++-------
Melee: Dagger            |     8 |    12 |    28 ||    48
       Constrict         |     2 |     1 |       ||     3
       Tentacles         |     2 |       |     2 ||     4
Throw: Dart              |     9 |       |       ||     9
Evoke: Wand              |       |       |     3 ||     3
  Use: Potion            |       |     1 |     1 ||     2
 Stab: Sleeping          |     3 |     5 |    10 ||    18
Dodge: Dodged            |     2 |     3 |     1 ||     6

Table legend: (Time is in decaauts)
 A = Elapsed time spent in this place.
 B = Non-inter-level travel time spent in this place.
 C = Inter-level travel time spent in this place.
 D = Time resting spent in this place.
 E = Time spent auto-exploring this place.
 F = Levels seen in this place.
 G = Mean time per level.
                   A        B        C        D        E       F      G
               +--------+--------+--------+--------+--------+-----+--------+
         Total |    602 |    602 |      0 |    306 |     17 |   1 |  602.0 |
       Dungeon |    602 |    602 |      0 |    306 |     17 |   1 |  602.0 |
               +--------+--------+--------+--------+--------+-----+--------+

Top non-repeatable levels by time:
       D: 602 daAuts
